EL
SAN ANTONIO MISSIONS @ BILOXI SHUCKERS
09/05/2048
 
TOP OF THE 1ST
San Antonio Missions batting - Pitching for Biloxi Shuckers : RHP Jason Decker
Pitching: RHP Jason Decker
Batting: RHB Dave McBain 0-0: Fly out, F7 (Flyball, 7, EV 90.0 MPH)
Batting: RHB Freddie Brown 0-0: Called Strike
0-1: Ball
1-1: Ball
2-1: Foul Ball, location: 2F
2-2: Foul Ball, location: 2F
2-2: Ground out 6-3 (Groundball, 6, EV 91.2 MPH)
Batting: RHB Mike Maserang 0-0: Ball
1-0: Fly out, F3 (Popup, 34, EV 70.6 MPH)
Top of the 1st over - 0 runs, 0 hits, 0 errors, 0 left on base; San Antonio 0 - Biloxi 0
BOTTOM OF THE 1ST
Biloxi Shuckers batting - Pitching for San Antonio Missions : LHP Luis Sanchez
Pitching: LHP Luis Sanchez
Batting: LHB Rick Campbell 0-0: Ball
1-0: Called Strike
1-1: Ball
2-1: Foul Ball, location: 2F
2-2: Strikes out swinging
Batting: RHB Cameron Rattenbury 0-0: Fly out, F9 (Flyball, 89M, EV 90.6 MPH)
Batting: RHB Ben Taylor 0-0: Swinging Strike
0-1: Ball
1-1: Ball
2-1: Ball
3-1: Foul Ball, location: 2F
3-2: Base on Balls
Batting: RHB Steve Byerly 0-0: Ball
1-0: Foul Ball, location: 2F
1-1: Foul Ball, location: 2F
1-2: Foul Ball, location: 2F
1-2: Ball
2-2: Ball
3-2: Foul Ball, location: 2F
3-2: Foul Ball, location: 2F
3-2: Foul Ball, location: 2F
3-2: Base on Balls
Ben Taylor to second
Batting: SHB Justin Hensley 0-0: Ball
1-0: Ball
2-0: Ground out 4-3 (Groundball, 4, EV 86.9 MPH)
Bottom of the 1st over - 0 runs, 0 hits, 0 errors, 2 left on base; San Antonio 0 - Biloxi 0
TOP OF THE 2ND
San Antonio Missions batting - Pitching for Biloxi Shuckers : RHP Jason Decker
Batting: LHB Chad Cutler 0-0: Ground out 5-3 (Groundball, 5S, EV 85.6 MPH)
Batting: RHB Jaden Scott 0-0: Called Strike
0-1: Ground out 6-3 (Groundball, 6, EV 83.1 MPH)
Batting: LHB Matt Patnaude 0-0: Ball
1-0: Foul Ball, location: 2F
1-1: Foul Ball, location: 2F
1-2: Strikes out looking
Top of the 2nd over - 0 runs, 0 hits, 0 errors, 0 left on base; San Antonio 0 - Biloxi 0
BOTTOM OF THE 2ND
Biloxi Shuckers batting - Pitching for San Antonio Missions : LHP Luis Sanchez
Batting: RHB Josh Nelson 0-0: SINGLE (Flyball, 8LS, EV 95.0 MPH)
Batting: RHB Brian Landrum 0-0: Ball
1-0: Ball
2-0: Foul Ball, location: 2F
2-1: SINGLE (Groundball, 25, EV 67.5 MPH) (infield hit)
Josh Nelson to second
Batting: SHB Mike Williams 0-0: Hit by Pitch
Josh Nelson to third
Brian Landrum to second
Batting: SHB Ramon Perez 0-0: Fielders Choice at 2nd, 4-6 (Groundball, 4, EV 85.0 MPH)
Josh Nelson scores
Brian Landrum to third
Batting: LHB Rick Campbell 0-0: Ball
1-0: Fielders Choice at 2nd, 1-6 (Groundball, 13, EV 68.8 MPH)
Batting: RHB Cameron Rattenbury 0-0: Ball
1-0: Ball
2-0: Ball
3-0: Base on Balls
Rick Campbell to second
Batting: RHB Ben Taylor 0-0: Ball
1-0: Swinging Strike
1-1: Ball
2-1: Ball
3-1: Base on Balls
Brian Landrum scores
Rick Campbell to third
Cameron Rattenbury to second
Batting: RHB Steve Byerly 0-0: Ball
1-0: Ball
2-0: SINGLE (Line Drive, 34, EV 97.5 MPH)
Rick Campbell scores
Cameron Rattenbury to third
Ben Taylor to second
Batting: SHB Justin Hensley 0-0: Called Strike
0-1: Ball
1-1: Fielders Choice at 2nd, 6-4 (Groundball, 6, EV 84.4 MPH)
Bottom of the 2nd over - 3 runs, 3 hits, 0 errors, 3 left on base; San Antonio 0 - Biloxi 3
TOP OF THE 3RD
San Antonio Missions batting - Pitching for Biloxi Shuckers : RHP Jason Decker
Batting: RHB Adrian Martinelli 0-0: SINGLE (Groundball, 6M, EV 106.2 MPH) (infield hit)
Batting: LHB Teko van de Sande 0-0: Swinging Strike
0-1: Ball
1-1: Fly out, F8 (Flyball, 8RS, EV 96.9 MPH)
Batting: LHB Josh Slusarczyk 0-0: Swinging Strike
0-1: Ball
Wild Pitch!
Adrian Martinelli to second
1-1: Foul Ball, location: 2F
1-2: Foul Ball, location: 2F
1-2: Strikes out swinging
Batting: RHB Dave McBain 0-0: SINGLE (Groundball, 6MD, EV 101.2 MPH)
Adrian Martinelli to third
Runner from 3rd tries for Home, throw by CF and OUT! 8-2
Top of the 3rd over - 0 runs, 2 hits, 0 errors, 1 left on base; San Antonio 0 - Biloxi 3
BOTTOM OF THE 3RD
Biloxi Shuckers batting - Pitching for San Antonio Missions : LHP Luis Sanchez
Batting: RHB Josh Nelson 0-0: Ball
1-0: Swinging Strike
1-1: Foul Ball, location: 2F
1-2: Ball
2-2: Foul Ball, location: 2F
2-2: Strikes out swinging
Batting: RHB Brian Landrum 0-0: Fly out, F8 (Flyball, 8RXD, EV 103.8 MPH)
Batting: SHB Mike Williams 0-0: Swinging Strike
0-1: Foul Ball, location: 2F
0-2: Fly out, F8 (Flyball, 8RD, EV 88.1 MPH)
Bottom of the 3rd over - 0 runs, 0 hits, 0 errors, 0 left on base; San Antonio 0 - Biloxi 3
TOP OF THE 4TH
San Antonio Missions batting - Pitching for Biloxi Shuckers : RHP Jason Decker
Batting: RHB Freddie Brown 0-0: Ball
1-0: Called Strike
1-1: Swinging Strike
1-2: Strikes out swinging
Batting: RHB Mike Maserang 0-0: Foul Ball, location: 2F
0-1: DOUBLE (Line Drive, 3D, EV 108.1 MPH)
Batting: LHB Chad Cutler 0-0: Ball
1-0: Fly out, F9 (Flyball, 89M, EV 79.4 MPH)
Batting: RHB Jaden Scott 0-0: Ball
1-0: Called Strike
1-1: Ball
2-1: TRIPLE (Flyball, 8RXD, EV 96.9 MPH)
Mike Maserang scores
Batting: LHB Matt Patnaude 0-0: Ball
1-0: SINGLE (Groundball, 34D, EV 104.4 MPH) (infield hit)
Jaden Scott scores
Batting: RHB Adrian Martinelli 0-0: Called Strike
0-1: Ball
1-1: SINGLE (Groundball, 34D, EV 98.1 MPH)
Matt Patnaude to second
Runner from 2nd tries for 3rd, SAFE, no throw by RF
Batting: LHB Teko van de Sande 0-0: Called Strike
0-1: Ball
1-1: Ball
2-1: Ball
3-1: Called Strike
3-2: Fly out, F8 (Flyball, 8RM, EV 85.0 MPH)
Top of the 4th over - 2 runs, 4 hits, 0 errors, 2 left on base; San Antonio 2 - Biloxi 3
BOTTOM OF THE 4TH
Biloxi Shuckers batting - Pitching for San Antonio Missions : LHP Luis Sanchez
Batting: SHB Ramon Perez 0-0: Ground out 6-3 (Groundball, 6, EV 86.2 MPH)
Batting: LHB Rick Campbell 0-0: Ball
1-0: Foul Ball, location: 2F
1-1: Called Strike
1-2: Foul Ball, location: 2F
1-2: Ball
2-2: Foul Ball, location: 2F
2-2: Ball
3-2: Foul Ball, location: 2F
3-2: Foul Ball, location: 2F
3-2: SINGLE (Groundball, 6MD, EV 103.1 MPH)
Batting: RHB Cameron Rattenbury 0-0: Ball
1-0: Ball
2-0: Grounds into double play, 1-4-3 (Groundball, 15S, EV 63.8 MPH)
Bottom of the 4th over - 0 runs, 1 hit, 0 errors, 0 left on base; San Antonio 2 - Biloxi 3
TOP OF THE 5TH
San Antonio Missions batting - Pitching for Biloxi Shuckers : RHP Jason Decker
Batting: LHB Josh Slusarczyk 0-0: Called Strike
0-1: Foul Ball, location: 2F
0-2: Ball
1-2: SOLO HOME RUN (Flyball, 78XD, EV 101.9 MPH), Distance : 413 ft
Batting: RHB Dave McBain 0-0: Called Strike
0-1: Foul Ball, location: 2F
0-2: Ball
1-2: Ball
2-2: Strikes out swinging
Batting: RHB Freddie Brown 0-0: Foul Ball, location: 2F
0-1: Hit by Pitch
Batting: RHB Mike Maserang 0-0: Ball
1-0: Called Strike
1-1: Foul Ball, location: 2F
1-2: Ball
2-2: Ball
3-2: Foul Ball, location: 2F
3-2: Strikes out swinging
Batting: LHB Chad Cutler 0-0: Swinging Strike
0-1: Swinging Strike
0-2: Ball
1-2: 2-RUN HOME RUN (Line Drive, 78XD, EV 104.4 MPH), Distance : 413 ft
Pitching: RHP Jon Warren
Batting: RHB Jaden Scott 0-0: Called Strike
0-1: Called Strike
0-2: Ball
1-2: Ball
2-2: Strikes out swinging
Top of the 5th over - 3 runs, 2 hits, 0 errors, 0 left on base; San Antonio 5 - Biloxi 3
BOTTOM OF THE 5TH
Biloxi Shuckers batting - Pitching for San Antonio Missions : LHP Luis Sanchez
Batting: RHB Ben Taylor 0-0: SINGLE (Groundball, 4MD, EV 101.2 MPH)
Batting: RHB Steve Byerly 0-0: Ball
1-0: SINGLE (Line Drive, 89S, EV 111.9 MPH)
Ben Taylor to second
Batting: SHB Justin Hensley 0-0: Called Strike
0-1: Ball
1-1: SINGLE (Groundball, 6MD, EV 108.8 MPH)
Ben Taylor to third
Steve Byerly to second
Batting: RHB Josh Nelson 0-0: Ball
1-0: Called Strike
1-1: Ball
2-1: Foul Ball, location: 2F
2-2: Strikes out looking
Batting: RHB Brian Landrum 0-0: Foul Ball, location: 2F
0-1: Ball
1-1: Ball
2-1: Called Strike
2-2: SINGLE (Line Drive, 34D, EV 101.9 MPH)
Ben Taylor scores
Steve Byerly to third
Justin Hensley to second
Batting: SHB Mike Williams 0-0: Called Strike
0-1: Foul Ball, location: 2F
0-2: Fielders Choice at 2nd, 6-4 (Groundball, 6, EV 102.5 MPH)
Steve Byerly scores
Justin Hensley to third
Batting: SHB Ramon Perez 0-0: Called Strike
0-1: Foul Ball, location: 2F
0-2: Foul Ball, location: 2F
0-2: Ball
1-2: Ball
2-2: Ball
3-2: SINGLE (Flyball, 34D, EV 92.5 MPH)
Justin Hensley scores
Mike Williams to second
Mike Williams to third
Pitching: RHP Manny Bailon
Batting: LHB Rick Campbell 0-0: Called Strike
0-1: Foul Ball, location: 2F
0-2: Ground out 4-3 (Groundball, 34, EV 86.9 MPH)
Bottom of the 5th over - 3 runs, 5 hits, 0 errors, 2 left on base; San Antonio 5 - Biloxi 6
TOP OF THE 6TH
San Antonio Missions batting - Pitching for Biloxi Shuckers : RHP Jon Warren
Batting: LHB Matt Patnaude 0-0: Ball
1-0: Ground out 4-3 (Groundball, 4, EV 108.1 MPH)
Batting: RHB Adrian Martinelli 0-0: Ground out 4-3 (Groundball, 4M, EV 78.1 MPH)
Batting: LHB Teko van de Sande 0-0: Ball
1-0: Foul Ball, location: 2F
1-1: Ball
2-1: Ball
3-1: Foul Ball, location: 2F
3-2: Base on Balls
Batting: LHB Josh Slusarczyk 0-0: Foul Ball, location: 2F
0-1: Fielders Choice at 2nd, U6 (Groundball, 4, EV 107.5 MPH)
Top of the 6th over - 0 runs, 0 hits, 0 errors, 1 left on base; San Antonio 5 - Biloxi 6
BOTTOM OF THE 6TH
Biloxi Shuckers batting - Pitching for San Antonio Missions : RHP Manny Bailon
Batting: RHB Cameron Rattenbury 0-0: Ball
1-0: Bunted foul
1-1: Called Strike
1-2: Fly out, F9 (Flyball, 9, EV 86.9 MPH)
Batting: RHB Ben Taylor 0-0: Ball
1-0: Ball
2-0: Ball
3-0: Base on Balls
Batting: RHB Steve Byerly 0-0: Ball
1-0: Foul Ball, location: 2F
1-1: Ball
2-1: Ball
3-1: Base on Balls
Ben Taylor to second
Batting: SHB Justin Hensley 0-0: Called Strike
0-1: Called Strike
0-2: Ball
1-2: Ball
2-2: Ball
3-2: SINGLE (Groundball, 4M, EV 104.4 MPH) (infield hit)
Ben Taylor to third
Steve Byerly to second
Batting: RHB Josh Nelson 0-0: Ball
1-0: Ball
2-0: Ball
3-0: Base on Balls
Ben Taylor scores
Steve Byerly to third
Justin Hensley to second
Batting: RHB Brian Landrum 0-0: Ball
1-0: Ball
2-0: Called Strike
2-1: Ball
3-1: Foul Ball, location: 2F
3-2: Foul Ball, location: 2F
3-2: SINGLE (Groundball, 56D, EV 99.4 MPH)
Steve Byerly scores
Justin Hensley to third
Josh Nelson to second
Batting: SHB Mike Williams 0-0: Grounds into fielders choice 5-2 (Groundball, 25, EV 73.8 MPH)
Josh Nelson to third
Brian Landrum to second
Batting: SHB Ramon Perez 0-0: Called Strike
0-1: Foul Ball, location: 2F
0-2: Ball
1-2: Foul Ball, location: 2F
1-2: Ball
Wild Pitch!
Josh Nelson scores
Brian Landrum to third
Mike Williams to second
2-2: Foul Ball, location: 2F
2-2: Foul Ball, location: 2F
2-2: Ball
3-2: DOUBLE (Groundball, 5L, EV 105.0 MPH)
Brian Landrum scores
Mike Williams scores
Pitching: RHP Jose Godreau
Batting: LHB Rick Campbell 0-0: Ball
1-0: Ground out 6-3 (Groundball, 56, EV 87.5 MPH)
Bottom of the 6th over - 5 runs, 3 hits, 0 errors, 1 left on base; San Antonio 5 - Biloxi 11
TOP OF THE 7TH
San Antonio Missions batting - Pitching for Biloxi Shuckers : RHP Jon Warren
Batting: RHB Dave McBain 0-0: Called Strike
0-1: Foul Ball, location: 2F
0-2: Foul Ball, location: 2F
0-2: Ball
1-2: Ball
2-2: Ball
3-2: Strikes out looking
Batting: RHB Freddie Brown 0-0: SOLO HOME RUN (Flyball, 7D, EV 100.0 MPH), Distance : 368 ft
Batting: RHB Mike Maserang 0-0: Ball
1-0: Foul Ball, location: 2F
1-1: Fly out, F7 (Line Drive, 78M, EV 98.8 MPH)
Batting: LHB Chad Cutler 0-0: Foul Ball, location: 2F
0-1: Swinging Strike
0-2: Foul Ball, location: 2F
0-2: Ball
1-2: Ball
2-2: Strikes out swinging
Top of the 7th over - 1 run, 1 hit, 0 errors, 0 left on base; San Antonio 6 - Biloxi 11
BOTTOM OF THE 7TH
Biloxi Shuckers batting - Pitching for San Antonio Missions : RHP Jose Godreau
Batting: RHB Cameron Rattenbury 0-0: Ball
1-0: Foul Ball, location: 2F
1-1: Ball
2-1: Fly out, F7 (Flyball, 7, EV 96.2 MPH)
Batting: RHB Ben Taylor 0-0: Ball
1-0: Swinging Strike
1-1: Swinging Strike
1-2: Strikes out swinging
Batting: RHB Steve Byerly 0-0: Ball
1-0: Called Strike
1-1: Foul Ball, location: 2F
1-2: DOUBLE (Line Drive, 3D, EV 95.6 MPH)
Batting: SHB Justin Hensley 0-0: Ball
1-0: Called Strike
1-1: Foul Ball, location: 2F
1-2: Strikes out swinging, 2-3 out at first.
Bottom of the 7th over - 0 runs, 1 hit, 0 errors, 1 left on base; San Antonio 6 - Biloxi 11
TOP OF THE 8TH
San Antonio Missions batting - Pitching for Biloxi Shuckers : RHP Jon Warren
Batting: RHB Jaden Scott 0-0: Ball
1-0: Foul Ball, location: 2F
1-1: Ground out 5-3 (Groundball, 56S, EV 82.5 MPH)
Batting: LHB Matt Patnaude 0-0: Ball
1-0: Called Strike
1-1: Swinging Strike
1-2: SOLO HOME RUN (Flyball, 89XD, EV 99.4 MPH), Distance : 401 ft
Batting: RHB Adrian Martinelli 0-0: Ball
1-0: Fly out, F3 (Popup, 3L, EV 75.0 MPH)
Batting: LHB Teko van de Sande 0-0: Fly out, F9 (Flyball, 89M, EV 91.2 MPH)
Top of the 8th over - 1 run, 1 hit, 0 errors, 0 left on base; San Antonio 7 - Biloxi 11
BOTTOM OF THE 8TH
Biloxi Shuckers batting - Pitching for San Antonio Missions : RHP Jose Godreau
Batting: RHB Josh Nelson 0-0: Fly out, F7 (Flyball, 78M, EV 93.1 MPH)
Batting: RHB Brian Landrum 0-0: Ball
1-0: Fly out, F8 (Flyball, 8RM, EV 87.5 MPH)
Batting: SHB Mike Williams 0-0: Foul Ball, location: 2F
0-1: Fly out, F8 (Line Drive, 8LM, EV 103.1 MPH)
Bottom of the 8th over - 0 runs, 0 hits, 0 errors, 0 left on base; San Antonio 7 - Biloxi 11
TOP OF THE 9TH
San Antonio Missions batting - Pitching for Biloxi Shuckers : RHP Jon Warren
Pitching: LHP Matt Wojtkiewicz
Batting: LHB Josh Slusarczyk 0-0: Foul Ball, location: 2F
0-1: Ball
1-1: Swinging Strike
1-2: Ball
2-2: Ball
3-2: Strikes out swinging, 2-3 out at first.
Batting: RHB Dave McBain 0-0: SINGLE (Line Drive, 89M, EV 105.0 MPH)
Batting: RHB Freddie Brown 0-0: Ball
1-0: Foul Ball, location: 2F
1-1: Called Strike
1-2: Ball
2-2: Foul Ball, location: 2F
2-2: Strikes out swinging
Batting: RHB Mike Maserang 0-0: Ball
1-0: Ball
2-0: Ball
3-0: Called Strike
3-1: Called Strike
3-2: SINGLE (Groundball, 56, EV 84.4 MPH) (infield hit)
Dave McBain to second
Pitching: RHP Ernie Schmutz
Batting: LHB Chad Cutler 0-0: Ball
1-0: Called Strike
1-1: Swinging Strike
1-2: Fly out, F7 (Line Drive, 78D, EV 89.4 MPH)
Top of the 9th over - 0 runs, 2 hits, 0 errors, 2 left on base; San Antonio 7 - Biloxi 11
Tuesday, March 28th , 2023 - OOTP Baseball 23.10 Build 110